 Dungeon Crawl Stone Soup version 0.32-a0-450-g080537f31e (webtiles) character file.

Game seed: 9963724319885955520

14065 Sobieck the Fighter (level 11, -16/110 HPs)
             Began as a Mountain Dwarf Monk on Feb 23, 2024.
             Was the Champion of Uskayaw.
             Demolished by a yaktaur captain (19 damage)
             ... on level 11 of the Dungeon.
             The game lasted 00:15:41 (9460 turns).

Sobieck the Fighter (Mountain Dwarf Monk)           Turns: 9460, Time: 00:15:42

Health: -16/110    AC: 11    Str: 33    XL:     11   Next: 83%
Magic:  19/19      EV: 11    Int: 19    God:    Uskayaw [******]
Gold:   560        SH:  0    Dex: 14    Spells: 10/10 levels left

rFire   . . .        j - +1 whip (distort)
rCold   . . .        d - orb {light}
rNeg    . . .        q - +0 scale mail
rPois   .            n - +2 helmet "Relaykek" {*Corrode Str+10 Int+3}
rElec   .            s - +1 cloak
rCorr   .            H - +1 pair of gloves
SInv    .            (no boots)
Will    +....        h - amulet of faith Stlth
                     t - +6 ring of strength
HPRegen 0.38/turn    y - +6 ring of intelligence
MPRegen 0.16/turn

%: corrode self (3%), faith
@: corroded, glowing
A: runic magic, artefact enchanting
a: Renounce Religion, Stomp, Line Pass, Grand Finale


You were on level 11 of the Dungeon.
You worshipped Uskayaw.
Uskayaw was aware of your devotion.
You visited 1 branch of the dungeon, and saw 11 of its levels.
You visited the Abyss 1 time.

You collected 856 gold pieces.
You spent 296 gold pieces at shops.

Inventory:

Hand Weapons
 a - a +0 mace
 j - a +1 whip of distortion (weapon)
Missiles
 F - a curare-tipped dart
Armour
 b - a +0 robe
 d - an orb of light (worn)
 n - the +2 helmet "Relaykek" (worn) {*Corrode Str+10 Int+3}
   (You took it off Robin on level 2 of the Dungeon)

   Str+10:    It affects your strength (+10).
   Int+3:     It affects your intelligence (+3).
   *Corrode:  It may corrode you when you take damage.
 q - a +0 scale mail (worn)
 s - a +1 cloak (worn)
 H - a +1 pair of gloves (worn)
Magical Staves
 p - a staff of earth
 z - a staff of conjuration
 A - a staff of cold
Jewellery
 h - an amulet of faith (around neck)
 t - a +6 ring of strength (left hand)
 u - an amulet of magic regeneration
 y - a +6 ring of intelligence (right hand)
 C - an amulet of reflection
 I - a ring of fire
Wands
 B - a wand of roots (10)
 V - a wand of flame (16)
Scrolls
 f - 3 scrolls of fear
 g - 3 scrolls of fog
 i - 2 scrolls of revelation
 k - 7 scrolls of poison
 l - 4 scrolls of immolation
 v - 3 scrolls of enchant weapon
 w - a scroll of brand weapon
 D - a scroll of silence {!r}
 G - a scroll of torment {unknown}
 K - a scroll of noise {unknown}
 R - 2 scrolls of identify
 T - 2 scrolls of teleportation
Potions
 c - 2 potions of ambrosia
 m - 2 potions of degeneration
 o - 2 potions of enlightenment
 r - 3 potions of brilliance
 x - a potion of attraction
 E - a potion of invisibility {unknown}
 J - a potion of mutation {unknown}
 L - a potion of heal wounds {unknown}
 Q - 2 potions of curing
Miscellaneous
 X - a box of beasts


   Skills:
 - Level 14.0 Fighting
 - Level 12.0 Maces & Flails
 - Level 7.0 Armour
 - Level 2.1 Dodging
 + Level 11.9 Invocations


You had 10 spell levels left.
You didn't know any spells.
Your spell library contained the following spells:

 Spells                   Type           Power      Damage    Failure   Level
 Apportation              Tloc           0%         N/A       24%         1
 Jinxbite                 Hex            0%         N/A       34%         2
 Lesser Beckoning         Tloc           0%         N/A       34%         2
 Gell's Gravitas          Tloc           0%         N/A       56%         3
 Stone Arrow              Conj/Erth      0%         3d7       56%         3
 Teleport Other           Tloc           0%         N/A       56%         3
 Animate Armour           Summ/Erth      0%         N/A       93%         4
 Cause Fear               Hex            0%         N/A       93%         4
 Alistair's Intoxication  Alch           0%         N/A       100%        5
 Fireball                 Conj/Fire      0%         3d3       100%        5
 Lehudib's Crystal Spear  Conj/Erth      0%         10d2      100%        8
 Dragon's Call            Summ           0%         N/A       100%        9


Dungeon Overview and Level Annotations

Branches:
Dungeon (11/15)            Temple (0/1) D:6            Lair (0/5) D:8
    Orc (0/2) D:9

Altars:
Ashenzari
Hepliaklqana
Kikubaaqudgha
Makhleb
Qazlal
Trog
Uskayaw
Xom

Shops:
D:3 =   D:7 *?

Annotations:
D:10 5 runed translucent doors
Abyss:1 Erolcha


Innate Abilities, Weirdness & Mutations

Your spellcasting is much less encumbered by armour.
You can use scrolls of enchantment on lesser artefacts.


Message History

The deep troll is moderately wounded.
The deep troll closely misses you. The deep troll barely misses you.
The deep troll claws you!
* * * LOW HITPOINT WARNING * * *
The yaktaur captain wields a +0 arbalest.
The yaktaur captain shoots a bolt.
The bolt hits you!!
* * * LOW HITPOINT WARNING * * *
You are too injured to fight recklessly!
You are too injured to fight recklessly!
You are too injured to fight recklessly!
You are too injured to fight recklessly!
Unknown command.
You hit the deep troll.
Space warps around the deep troll.
The deep troll is heavily wounded.
You hit the deep troll.
Space warps around the deep troll.
The deep troll is severely wounded.
The deep troll bites you!
* * * LOW HITPOINT WARNING * * *
Your corrosive artefact corrodes you!
The deep troll claws you.
* * * LOW HITPOINT WARNING * * *
The deep troll claws you but does no damage.
You hit the deep troll but do no damage.
Space warps around the deep troll.
The deep troll is severely wounded.
The yaktaur captain shoots a bolt.
The bolt hits you!!
* * * LOW HITPOINT WARNING * * *
Unknown command.
Blink to where?
Press: ? - help, Dir - move target
As you read the scroll of blinking, it crumbles to dust.
The yaktaur captain is no longer sharing its pain.
The yaktaur captain unwields a +0 arbalest.
The yaktaur captain hits you but does no damage.
Unknown command.
You whack the yaktaur captain!
Space warps around the yaktaur captain.
The yaktaur captain is severely wounded.
You hit the yaktaur captain.
The yaktaur captain is severely wounded.
The deep troll is no longer sharing its pain.
The yaktaur captain hits you.
* * * LOW HITPOINT WARNING * * *
You hit the yaktaur captain but do no damage.
Space warps around the yaktaur captain.
The yaktaur captain is severely wounded.
Unknown command.
You hit the yaktaur captain but do no damage.
The yaktaur captain is severely wounded.
The yaktaur captain hits you!!
You die...
Your body falls in perfect tune with the rhythm.

#....#.....#.[.....#...#...
#....#.....#...#...#...####
#....#.....#...#...<.......
######.....'...'...........
#..#..#####....#######
##.#..#........# #..< ##
.#.#..#........# #... # #=
.#.#..########## #... #.#.
O#.#.@# #... #.##.###.c#
#... #.##T...# #...
##§.....# #... #.......#
.... #....#..# #....#..#
+....#..# ######..#


You could see a yaktaur captain and a deep troll.

Vanquished Creatures
  An ogre mage (D:11)
  A two-headed ogre (D:9)
  2 worldbinders (Abyss:1)
  An eye of devastation (Abyss:1)
  An unseen horror (D:10)
  A large abomination (Abyss:1)
  An ancient zyme (Abyss:1)
  Grinder (D:5)
  A hornet (Abyss:1)
  Sigmund (D:5)
  6 yaks
  A wyvern (D:8)
  A vampire mosquito (D:10)
  A chaos spawn (Abyss:1)
  Menkaure (D:5)
  2 water moccasins
  4 black bears
  2 sky beasts
  3 orc warriors
  An ice beast (D:6)
  2 small abominations (Abyss:1)
  2 ogres (D:4)
  3 centaurs
  3 phantoms
  2 kobold brigands
  3 bullfrogs (D:7)
  2 scorpions
  6 wights
  12 killer bees (D:9)
  5 howler monkeys
  A bombardier beetle (D:5)
  4 hounds
  4 orc priests
  Crazy Yiuf (D:3)
  3 jellies
  A sleepcap (D:5)
  2 gnoll boudas
  11 orc wizards
  7 iguanas
  7 mutant beasts (D:9)
  Robin (D:2)
  4 adders
  11 gnolls
  A white imp (D:8)
  2 ufetubi (D:6)
  2 ribbon worms (D:3)
  2 dart slugs (D:1)
  24 orcs
  10 ball pythons
  6 bats
  9 endoplasms
  A giant cockroach (D:1)
  10 goblins
  12 hobgoblins
  8 jackals
  20 kobolds
  A quokka (D:4)
  5 frilled lizards (D:1)
  2 rats
245 creatures vanquished.

Notes
Turn   | Place    | Note
-------+----------+-------------------------------------------
     0 | D:1      | Sobieck the Mountain Dwarf Monk began the quest for the
                  | Orb.
     0 | D:1      | Reached XP level 1. HP: 19/19 MP: 1/1
   104 | D:1      | Reached XP level 2. HP: 26/26 MP: 2/2
   319 | D:1      | You fall into a shaft and drop 1 floor!
   613 | D:1      | Reached XP level 3. HP: 31/31 MP: 3/3
  1108 | D:2      | Identified the +2 helmet "Relaykek" {*Corrode Str+10 Int+3}
  1108 | D:2      | Noticed Robin
  1109 | D:2      | Reached skill level 6 in Maces & Flails
  1109 | D:2      | Reached XP level 4. HP: 38/38 MP: 4/4
  1118 | D:2      | Killed Robin
  1640 | D:3      | Found Anawuy's Jewellery Emporium.
  1885 | D:3      | Found a hazy altar of Hepliaklqana.
  1886 | D:3      | Found a hide-covered altar of Uskayaw.
  1898 | D:3      | Became a worshipper of Uskayaw the Reveller
  1898 | D:3      | Reached * piety under Uskayaw
  2226 | D:3      | Found a runed translucent door.
  2227 | D:3      | Noticed Crazy Yiuf
  2233 | D:3      | Killed Crazy Yiuf
  2233 | D:3      | Reached ** piety under Uskayaw
  2234 | D:3      | Reached XP level 5. HP: 32/45 MP: 5/5
  2377 | D:4      | Noticed an ice beast
  2379 | D:4      | Noticed an ogre
  2383 | D:4      | Banished an ice beast
  2386 | D:4      | Killed an ogre
  2387 | D:4      | Reached XP level 6. HP: 33/51 MP: 6/6
  2650 | D:4      | Reached skill level 9 in Maces & Flails
  2762 | D:4      | Reached XP level 7. HP: 52/57 MP: 7/7
  3042 | D:4      | Found a burning altar of Makhleb.
  3046 | D:4      | Found a shimmering altar of Xom.
  3049 | D:4      | Found a bloodstained altar of Trog.
  3178 | D:5      | Entered Level 5 of the Dungeon
  3188 | D:5      | Noticed Menkaure
  3192 | D:5      | Killed Menkaure
  3248 | D:5      | Reached *** piety under Uskayaw
  3303 | D:5      | Noticed Grinder
  3304 | D:5      | Paralysed by Grinder for 2 turns
  3321 | D:5      | Killed Grinder
  3322 | D:5      | Reached XP level 8. HP: 60/63 MP: 8/8
  3332 | D:5      | Reached skill level 12 in Maces & Flails
  3335 | D:5      | Found a stormy altar of Qazlal.
  3450 | D:5      | Noticed Sigmund
  3457 | D:5      | Killed Sigmund
  3458 | D:5      | Reached skill level 1 in Armour
  3552 | D:5      | Reached skill level 4 in Fighting
  3743 | D:5      | Reached skill level 3 in Invocations
  4037 | D:5      | Reached skill level 3 in Armour
  4186 | D:6      | Reached skill level 5 in Fighting
  4340 | D:6      | Found a staircase to the Ecumenical Temple.
  4362 | D:6      | Reached XP level 9. HP: 64/74 MP: 12/12
  4484 | D:6      | Reached **** piety under Uskayaw
  4503 | D:6      | Reached ***** piety under Uskayaw
  4512 | D:6      | Reached skill level 6 in Fighting
  4516 | D:6      | Reached ****** piety under Uskayaw
  4526 | D:6      | Reached skill level 6 in Invocations
  4879 | D:6      | Identified a scroll of acquirement
  4884 | D:6      | Acquired 377 gold pieces
  5248 | D:7      | Reached skill level 7 in Fighting
  5249 | D:7      | Reached skill level 6 in Armour
  5636 | D:7      | Found Plog's General Store.
  5644 | D:7      | Bought a potion of attraction for 33 gold pieces
  5803 | D:7      | Found Buenitom's Magic Scroll Emporium.
  5806 | D:7      | Bought a scroll of enchant weapon for 82 gold pieces
  5806 | D:7      | Bought a scroll of identify for 22 gold pieces
  5806 | D:7      | Bought a scroll of identify for 22 gold pieces
  5806 | D:7      | Bought a scroll of silence for 104 gold pieces
  5806 | D:7      | Bought a scroll of teleportation for 33 gold pieces
  5995 | D:8      | Reached XP level 10. HP: 87/88 MP: 14/16
  5999 | D:8      | Reached skill level 8 in Fighting
  6048 | D:8      | Reached skill level 9 in Invocations
  6161 | D:8      | Found a staircase to the Lair.
  6480 | D:8      | Reached skill level 9 in Fighting
  6804 | D:9      | Found an ancient bone altar of Kikubaaqudgha.
  6924 | D:9      | Noticed a juvenile oxbat beast
  6935 | D:9      | Killed a juvenile oxbat beast
  6936 | D:9      | Reached skill level 10 in Fighting
  7360 | D:9      | Reached skill level 11 in Fighting
  7440 | D:9      | Found a staircase to the Orcish Mines.
  7452 | D:9      | Noticed a two-headed ogre
  7462 | D:9      | Killed a two-headed ogre
  7930 | D:9      | Noticed Erolcha
  7931 | Abyss:1  | Cast into level 1 of the Abyss (Erolcha)
  7942 | Abyss:1  | Paralysed by a hornet for 1 turns
  7948 | Abyss:1  | Reached XP level 11. HP: 54/99 MP: 17/17
  7969 | Abyss:1  | Reached skill level 12 in Fighting
  8225 | Abyss:1  | Noticed a shadow demon
  8275 | Abyss:1  | Found a corrupted altar of Lugonu.
  8319 | Abyss:1  | Noticed a merfolk aquamancer
  8322 | Abyss:1  | Noticed a merfolk aquamancer
  8328 | Abyss:1  | Reached skill level 13 in Fighting
  8460 | Abyss:1  | Noticed a bone dragon
  8472 | Abyss:1  | Banished a bone dragon
  8473 | Abyss:1  | Reached skill level 14 in Fighting
  8475 | D:9      | Escaped the Abyss
  8479 | D:9      | Banished Erolcha
  8674 | D:9      | Found a broken altar of Ashenzari.
  8841 | D:10     | Entered Level 10 of the Dungeon
  9017 | D:10     | Found the +9 staff of Olgreb {rPois∞}
  9021 | D:10     | Found a runed translucent door.
  9028 | D:10     | Found a runed translucent gate.
  9028 | D:10     | Found a runed translucent gate.
  9029 | D:10     | Found a runed translucent door.
  9039 | D:10     | Found a runed translucent gate.
  9041 | D:10     | Noticed a wolf spider
  9041 | D:10     | Noticed a wolf spider
  9041 | D:10     | Noticed a wolf spider
  9431 | D:11     | Noticed a deep troll
  9431 | D:11     | Noticed a yaktaur captain
  9433 | D:11     | Noticed an ogre mage
  9445 | D:11     | Killed an ogre mage
  9458 | D:11     | HP: 2/110 [yaktaur captain (6)]
  9460 | D:11     | Demolished by a yaktaur captain

Illustrated notes

Levels and vault maps discovered:
D:1:      wander_arrival_fairy_ring, layout_basic
D:2:      layout_basic, uniq_robin
D:3:      layout_basic, mainiacjoe_overflow_boulevard,
          nicolae_overflow_crystal_walls, serial_shops, nicolae_shop_peninsula,
          hangedman_abyss_or_decor_stabs, minivault_14, uniq_crazy_yiuf_cottage
D:4:      layout_loops_ring, minmay_overflow_temple_star_quad,
          dk_noncrumbling_3, st_stairs_13
D:5:      layout_loops_ring, lemuel_round_altar, uniq_menkaure, uniq_sigmund,
          uniq_grinder
D:6:      cheibrodos_helix_gallery, layout_basic, minmay_temple_entry_ruins
D:7:      layout_basic, serial_shops, nicolae_shop_crystal,
          nicolae_shop_rolled_up, kennysheep_generic_room_5
D:8:      hellmonk_destroyed_diamonds, layout_gridville, david_lair_generic
D:9:      layout_basic, evilmike_ruin_ashenzari, lemuel_doored_altar,
          orc_0_dummy, nicolae_beast_mode, uniq_erolcha
D:10:     layout_rooms, minmay_guarded_unrand_staff_of_olgreb
D:11:     minmay_mutant_horseshoe, layout_grid_maze, uniq_fannar

Skill      XL: |  1  2  3  4  5  6  7  8  9 10 11 |
---------------+----------------------------------+-----
Maces & Flails | 4 5 6 7 8 9 11 12 | 12.0
Armour         | 4 6 7 |  7.0
Invocations    | 4 8 9 11 | 11.9
Fighting       | 5 7 11 14 | 14.0
Dodging        | |  2.1

Action                     |  1- 3 |  4- 6 |  7- 9 | 10-12 || total
---------------------------+-------+-------+-------+-------++-------
  Melee: Mace              |    44 |       |       |       ||    44
         Whip              |    42 |    79 |   239 |   283 ||   643
 Invoke: Grand Finale      |       |       |       |     1 ||     1
  Evoke: Box of beasts     |       |       |       |     1 ||     1
    Use: Scroll            |       |       |    14 |     4 ||    18
         Potion            |       |       |     1 |     1 ||     2
   Stab: Sleeping          |     1 |       |       |       ||     1
         Paralysed         |       |       |    21 |    29 ||    50
 Armour: Robe              |    42 |    17 |       |       ||    59
         Scale mail        |       |    17 |   111 |   177 ||   305
  Dodge: Dodged            |    56 |    29 |    84 |   124 ||   293

Table legend: (Time is in decaauts)
 A = Elapsed time spent in this place.
 B = Non-inter-level travel time spent in this place.
 C = Inter-level travel time spent in this place.
 D = Time resting spent in this place.
 E = Time spent auto-exploring this place.
 F = Levels seen in this place.
 G = Mean time per level.
                   A        B        C        D        E       F      G
               +--------+--------+--------+--------+--------+-----+--------+
         Total |   9186 |   8874 |    312 |    896 |   6654 |  12 |  765.5 |
       Dungeon |   8675 |   8363 |    312 |    547 |   6654 |  11 |  788.6 |
         Abyss |    511 |    511 |      0 |    349 |      0 |   1 |  511.0 |
               +--------+--------+--------+--------+--------+-----+--------+

Top non-repeatable levels by time:
     D:9: 1478 daAuts
     D:7: 999 daAuts
     D:5: 921 daAuts
     D:2: 801 daAuts
     D:8: 800 daAuts
     D:4: 793 daAuts
     D:1: 785 daAuts
     D:3: 776 daAuts
     D:6: 722 daAuts
 Abyss:1: 511 daAuts
    D:10: 502 daAuts
    D:11: 92 daAuts
